 Dungeon Crawl Stone Soup version 0.24-a0-725-gf1a930fc54 (webtiles) character file.

Game seed: 6986920327729729846, levelgen mode: deterministic

1462 MalarOregon the Grappler (level 8, -4/88 HPs)
             Began as a White Draconian Transmuter on Oct 1, 2019.
             Killed by divine providence
             ... invoked by an orc priest
              (11 damage)
             ... on level 9 of the Dungeon.
             The game lasted 00:09:52 (7508 turns).

MalarOregon the Grappler (DrTm)                     Turns: 7508, Time: 00:09:52

Health: -4/88      AC: 24    Str: 13    XL:     8   Next: 48%
Magic:  4/11       EV:  2    Int: 16    God:
Gold:   313        SH:  0    Dex: 11    Spells: 5/11 levels left

rFire    . . .     SeeInvis .   d - +2 short sword (elec)
rCold    . . .     Gourm    .   (no shield)
rNeg     + + +     Faith    .   (armour unavailable)
rPois    +         Spirit   .   (helmet currently unavailable)
rElec    .         Reflect  .   (cloak currently unavailable)
rCorr    .         Harm     .   (gloves currently unavailable)
MR       .....     NoTele   +   (boots currently unavailable)
Stlth    +.........             (no amulet)
HPRegen  0.24/turn              (no ring)
MPRegen  0.12/turn              (no ring)

@: tree-form, very slightly contaminated
A: (breathe frost), unfitting armour, AC +6
a: no special abilities


You were on level 9 of the Dungeon.
You were very hungry.
You were a tree.
You visited 1 branch of the dungeon, and saw 7 of its levels.

You collected 313 gold pieces.

Inventory:

Hand Weapons
 d - a +2 short sword of electrocution (weapon)
   (You took it off a kobold on level 1 of the Dungeon)
 z - a +0 dagger of venom
   (You took it off an orc on level 4 of the Dungeon)
Missiles
 a - 101 arrows
 o - 2 boomerangs of dispersal (quivered) {!f}
Armour
 w - a +1 pair of gloves (melded)
   (You found it on level 4 of the Dungeon)
Jewellery
 A - an uncursed ring of positive energy {unknown}
   (You found it on level 9 of the Dungeon)
Wands
 t - a wand of flame (22)
   (You found it on level 5 of the Dungeon)
Scrolls
 h - 2 scrolls of noise {!r}
 j - a scroll of random uselessness {unknown}
 l - 5 scrolls of identify {@r1}
 m - 2 scrolls of fog {unknown}
 n - 4 scrolls of teleportation {@r4}
 p - 3 scrolls of magic mapping
 r - a scroll of enchant weapon
 v - 4 scrolls of remove curse {@r2}
 x - 2 scrolls of fear
 y - a scroll of enchant armour
Potions
 b - a potion of agility {unknown}
 c - a potion of lignification {!q}
 f - 3 potions of curing {@q1}
 g - 2 potions of brilliance {unknown}
 i - 2 potions of degeneration {unknown}
 k - a potion of haste {unknown}
 q - a potion of mutation {unknown}
 s - 2 potions of heal wounds {unknown}
 u - a potion of resistance {unknown}
 B - a potion of might {unknown}
Comestibles
 e - 9 rations {!d}


   Skills:
 + Level 1.1 Fighting
 - Level 1.7 Dodging
 - Level 10.0 Unarmed Combat
 - Level 2.0 Spellcasting
 - Level 5.0 Transmutations


You had 5 spell levels left.
You knew the following spells:

 Your Spells              Type           Power        Failure   Level  Hunger
a - Beastly Appendage     Tmut           ###...       2%          1    #......
s - Sticks to Snakes      Tmut           ###.....     4%          2    ###....
x - Spider Form           Tmut/Pois      #.........   22%         3    ###....

Your spell library contained the following spells:

 Spells                   Type           Power        Failure   Level  Hunger
 Animate Skeleton         Necr           N/A          21%         1    #......
 Apportation              Tloc           #.....       21%         1    #......
 Confusing Touch          Hex            #.....       21%         1    #......
 Infusion                 Chrm           #...         21%         1    #......
 Magic Dart               Conj           #...         21%         1    #......
 Summon Small Mammal      Summ           #...         21%         1    #......
 Blink                    Tloc           N/A          30%         2    ###....
 Call Imp                 Summ           #.......     30%         2    ###....
 Poisonous Vapours        Pois/Air       #.....       30%         2    ###....
 Slow                     Hex            #.......     30%         2    ###....
 Conjure Flame            Conj/Fire      #.......     52%         3    ###....
 Mephitic Cloud           Conj/Pois/Air  #.......     52%         3    ###....
 Regeneration             Chrm/Necr      #.........   52%         3    ###....
 Spectral Weapon          Hex/Chrm       #.......     52%         3    ###....
 Ice Form                 Ice/Tmut       #.......     58%         4    #####..
 Blade Hands              Tmut           ###.......   58%         5    ######.
 Olgreb's Toxic Radiance  Pois           #.......     90%         4    #####..
 Freezing Cloud           Conj/Ice/Air   #.........   100%        6    #######
 Ring of Flames           Chrm/Fire      #.........   100%        7    #######


Dungeon Overview and Level Annotations

Branches:
Dungeon (9/15)
 Temple: D:4-7         Lair: D:8-11         Orc: D:9-12

Altars:
Ashenzari
Elyvilon
Fedhas
Makhleb
Qazlal


Innate Abilities, Weirdness & Mutations

((You can breathe waves of freezing cold.))
((You can buffet flying creatures when you breathe cold.))
((Your icy white scales are hard. (AC +6)))
You cannot fit into any form of body armour.
((Your flesh is cold resistant. (rC+)))
((You are cold-blooded and may be slowed by cold attacks.))


Message History

Unknown command.
Okay, then.
Unknown command.
You feel better. The orc priest misses you.
The orc priest calls upon Beogh to heal the orc priest.
The orc priest's wounds heal themselves!
Unknown command.
Really quaff
c - 2 potions of lignification {!q}?
Really quaff the potion of lignification?
Your transformation has ended.
Your +2 short sword of electrocution unmelds from your body.
Your +1 pair of gloves unmelds from your body.
You hear the crackle of electricity.
You turn into a tree.
Your +1 pair of gloves melds into your body.
Your roots penetrate the ground.
You are feeling very hungry.
The orc priest hits you but does no damage. x2
Unknown command.
You barely miss the orc priest.
The orc priest hits you but does no damage. x2
Unknown command.
You hit the orc priest.
Lightning courses through the orc priest!
You kill the orc priest!
Training target 10.0 for Unarmed Combat reached!
Your Unarmed Combat skill increases to level 10!
You need to enable at least one skill for training.
The orc priest hits you but does no damage.
You hit the orc priest.
The orc priest hits you but does no damage. x2
You closely miss the orc priest.
The orc priest hits you but does no damage.
You closely miss the orc priest.
The orc priest hits you but does no damage.
You hit the orc priest but do no damage.
The orc priest hits you but does no damage.
You hit the orc priest.
The orc priest looks more healthy.
The orc priest hits you with a +0 dagger.
* * * LOW HITPOINT WARNING * * *
You hit the orc priest.
The orc priest looks braver for a moment.
You closely miss the orc priest.
The orc priest calls down the wrath of Beogh upon you.
Beogh smites you!
* * * LOW HITPOINT WARNING * * *
You barely miss the orc priest.
The orc priest invokes the aid of Beogh against you.
Beogh smites you!
You die...

*,,,,,,,,,,,,,,***,,*#.#
#..
***********#....#*,,*#.#
#.# ##..>..#,,*#.# #.#
****** #.<.....,,*#.# #.#
,,,,,* #.......,,##.##
#.#
****,****##........##...#
#.#
*,,,,,.........#.....#
***#..
******##.#..)##.##...#
**,,..,
#.....o♣......##**,,***©
#..###.######## *,,**,**
*,,* #.* *,**,,,, ** *,,*
#.* *,*,,,,* ,* *,,* #.*
**,*,,**, ,*********,,*
#.* *,,*,,,*,
,,,,,,,,,,,,* #.*
*,**,*,,, **********,**
#.* *,*,,,,** *,* *,*
*,**,,*,,


You could see an orc priest.

Vanquished Creatures
  A troll (D:9)
  Edmund (D:5)
  A sky beast (D:5)
  A phantom (D:5)
  Blork the orc (D:6)
  A bullfrog (D:5)
  2 scorpions
  3 howler monkeys
  3 jellies (D:5)
  An orc priest (D:9)
  3 bullfrog skeletons
  A centaur skeleton (D:4)
  2 hounds
  An iguana (D:5)
  A worker ant (D:5)
  A hound zombie (D:6)
  A howler monkey zombie (D:6)
  8 gnolls (D:6)
  4 adders
  A shadow imp (D:5)
  3 oozes
  An adder skeleton (D:4)
  4 worms
  4 dart slugs
  3 leopard geckos
  6 orcs
  2 ball pythons (D:1)
  4 giant cockroaches
  12 goblins
  5 hobgoblins
  17 jackals
  A quokka (D:2)
  A ball python skeleton (D:4)
  7 bats
  6 frilled lizards
  6 kobolds
  A leopard gecko skeleton (D:4)
  6 rats
127 creatures vanquished.

Notes
Turn   | Place    | Note
-------+----------+-------------------------------------------
     0 | D:1      | MalarOregon the Draconian Transmuter began the quest for
                  | the Orb.
     0 | D:1      | Reached XP level 1. HP: 16/16 MP: 3/3
   205 | D:1      | Reached XP level 2. HP: 23/23 MP: 5/5
   570 | D:1      | Reached XP level 3. HP: 23/28 MP: 6/6
   890 | D:2      | Learned a level 2 spell: Sticks to Snakes
   894 | D:2      | Learned a level 3 spell: Spider Form
  1183 | D:2      | Reached XP level 4. HP: 35/35 MP: 7/7
  1358 | D:2      | Found a blossoming altar of Fedhas.
  2637 | D:3      | Reached skill level 5 in Transmutations
  2820 | D:4      | Reached XP level 5. HP: 32/40 MP: 8/8
  2821 | D:4      | You fall into a shaft and drop 1 floor!
  2821 | D:5      | Entered Level 5 of the Dungeon
  2988 | D:5      | Reached skill level 4 in Unarmed Combat
  3322 | D:5      | Noticed Edmund
  3348 | D:5      | Killed Edmund
  3348 | D:5      | Reached skill level 5 in Unarmed Combat
  3348 | D:5      | Reached XP level 6. HP: 24/47 MP: 4/9
  4412 | D:4      | Reached skill level 6 in Unarmed Combat
  4849 | D:5      | Your scales start taking on an icy white colour.
  4849 | D:5      | Reached XP level 7. HP: 46/52 MP: 10/10
  4849 | D:5      | Gained mutation: Your flesh is cold resistant. (rC+) [White
                  | Draconian growth]
  5002 | D:5      | Identified Qyaqogey's Catalogue of Boosting Poisoning
  5019 | D:5      | Reached skill level 7 in Unarmed Combat
  5701 | D:5      | Found a shattered altar of Ashenzari.
  5877 | D:5      | Reached skill level 8 in Unarmed Combat
  5959 | D:6      | Found a burning altar of Makhleb.
  6267 | D:6      | Found a stormy altar of Qazlal.
  6579 | D:5      | Reached XP level 8. HP: 18/59 MP: 11/11
  6713 | D:6      | Found a white marble altar of Elyvilon.
  6953 | D:6      | Noticed Blork the orc
  6962 | D:6      | Killed Blork the orc
  6962 | D:6      | Reached skill level 9 in Unarmed Combat
  7411 | D:6      | You fall into a shaft and drop 3 floors!
  7413 | D:9      | Noticed a troll
  7456 | D:9      | Killed a troll
  7500 | D:9      | Reached skill level 10 in Unarmed Combat
  7508 | D:9      | Killed from afar by an orc priest

Levels and vault maps discovered:
D:1:      wander_arrival_fairy_ring, layout_loops_ring, serial_forest,
          infiniplex_forest_lined_2, infiniplex_forest_end_1,
          infiniplex_forest_straight_3, infiniplex_forest_lined_3_way,
          infiniplex_forest_straight_1, infiniplex_forest_straight_2,
          infiniplex_forest_straight_5, infiniplex_forest_clump_double
D:2:      layout_basic, lemuel_doored_altar, columned_hall_lemuel
D:3:      layout_basic, st_stairs_1
D:4:      layout_basic
D:5:      layout_cave_pods, marbit_many_paths, first_ration, minmay_checkerbox,
          uniq_edmund
D:6:      layout_basic, demons_altar, overflow_temple_1_default,
          minmay_overflow_temple_hex, lemuel_crystal_altar, uniq_blork_the_orc,
          uniq_duvessa
D:9:      layout_loops_ring, gammafunk_ghost_berserking_beasts, enter_bailey_6,
          uniq_erica

Skill      XL: |  1  2  3  4  5  6  7  8 |
---------------+-------------------------+-----
Transmutations | 3 4 5 |  5.0
Unarmed Combat | 5 6 8 10 | 10.0
Fighting       | |  1.1
Dodging        | |  1.7
Spellcasting   | |  2.0

Action                   |  1- 3 |  4- 6 |  7- 9 || total
-------------------------+-------+-------+-------++-------
Melee: Unarmed           |    23 |     4 |     7 ||    34
       Short sword       |    83 |   144 |   120 ||   347
       Kick              |     2 |       |       ||     2
       Tailslap          |     3 |    28 |    11 ||    42
       Punch             |     1 |     4 |     4 ||     9
       Dagger            |       |    50 |    60 ||   110
 Cast: Beastly Appendage |     2 |       |       ||     2
       Spider Form       |       |     1 |     2 ||     3
       Sticks to Snakes  |       |       |     4 ||     4
 Abil: Breathe Frost     |       |       |     1 ||     1
  Use: Scroll            |       |     8 |     1 ||     9
       Potion            |       |       |     3 ||     3
 Stab: Sleeping          |       |     1 |       ||     1
  Eat: Chunk             |     1 |     8 |     6 ||    15
       Ration            |       |     1 |     1 ||     2
Armor: Skin              |    41 |    61 |    87 ||   189
Dodge: Dodged            |    64 |   131 |   133 ||   328

Table legend:
 A = Non-vault XP
 B = Vault XP
 C = Vault XP percentage of total XP
 D = Non-vault monster count
 E = Vault monster count
 F = Vault count percentage of total count
                 A         B        C        D         E       F
            +---------+---------+-------+---------+---------+-------
      Total |    1678 |     411 |  19.7 |     119 |       8 |   6.3
            +---------+---------+-------+---------+---------+-------
        D:1 |      41 |       0 |   0.0 |      25 |       0 |   0.0
        D:2 |      98 |       0 |   0.0 |      27 |       0 |   0.0
        D:3 |      20 |       6 |  23.1 |       8 |       3 |  27.3
        D:4 |     216 |       0 |   0.0 |      21 |       0 |   0.0
        D:5 |     677 |     309 |  31.3 |      20 |       4 |  16.7
        D:6 |     321 |      96 |  23.0 |      15 |       1 |   6.2
        D:9 |     305 |       0 |   0.0 |       3 |       0 |   0.0
            +---------+---------+-------+---------+---------+-------
